 Dungeon Crawl Stone Soup version 0.17.0-27-g4a3f43e (webtiles) character file.

44 septik the Chiller (level 3, -13/24 HPs)
             Began as a Merfolk Ice Elementalist on Nov 21, 2015.
             Mangled by Sigmund
             ... wielding a +0 scythe
              (15 damage)
             ... on level 2 of the Dungeon.
             The game lasted 00:04:12 (1627 turns).

septik the Chiller (Merfolk Ice Elementalist)       Turns: 1627, Time: 00:04:12

Health: -13/24     AC:  2    Str:  8    XL:     3   Next: 60%
Magic:  2/7        EV: 13    Int: 14    God:
Gold:   135        SH:  0    Dex: 15    Spells: 1 memorised, 6 levels left

rFire  . . .     SeeInvis .     l - +0 whip
rCold  . . .     Clarity  .     a - +0 robe
rNeg   . . .     SustAt   .     (no shield)
rPois  .         Gourm    .     (no helmet)
rElec  .         Spirit   .     (no cloak)
rCorr  .         Warding  .     (no gloves)
rMut   .         Stasis   .     (no boots)
MR     .....                    (no amulet)
Stlth  ++........               (no ring)
                                (no ring)

@: not resistant to hostile enchantments, unstealthy
A: change form in water, swift swim
a: no special abilities


You were on level 2 of the Dungeon.
You were not hungry.

You visited 1 branch of the dungeon, and saw 2 of its levels.

You collected 135 gold pieces.

Inventory:

Hand Weapons
 l - a +0 whip (weapon)
Missiles
 d - 52 stones (quivered)
Armour
 a - a +0 robe (worn)
 p - a +0 buckler
Scrolls
 e - 2 scrolls of identify {unknown}
 f - a scroll of remove curse {unknown}
 h - a scroll of enchant weapon {unknown}
 m - a scroll of teleportation {unknown}
 r - a scroll of random uselessness {unknown}
Potions
 i - a potion of degeneration {unknown}
 k - a potion of mutation {unknown}
 n - a potion of brilliance {unknown}
 q - 3 potions of curing {unknown}
Books
 b - a book of Frost

   Spells                             Type                      Level
   a - Freeze                         Ice                          1
   b - Throw Frost                    Conjuration/Ice              2
   c - Ozocubu's Armour               Charms/Ice                   3
   d - Throw Icicle                   Conjuration/Ice              4
   e - Summon Ice Beast               Ice/Summoning                4
   f - Condensation Shield            Ice                          4
Comestibles
 c - a bread ration
 g - 5 fruits
 j - a slice of pizza
 o - a chunk of flesh


   Skills:
 - Level 2.6 Dodging
 - Level 2.1 Stealth
 + Level 2.9 Spellcasting
   Level 0.7 Conjurations
 + Level 4.1 Ice Magic


You had 6 spell levels left.
You knew the following spells:

 Your Spells              Type           Power        Failure   Level  Hunger
a - Freeze                Ice            ##..         4%          1    #......


Dungeon Overview and Level Annotations

Branches:
Dungeon (2/15)

Altars:

Annotations:
D:2 Sigmund


Message History

Confirm with . or Enter, or press ? or * to list all spells.
You can't see any susceptible monsters within range! (Use Z to cast anyway.) Unknown command.
Casting: Freeze
Confirm with . or Enter, or press ? or * to list all spells.
Aiming: Freeze
Press: ? - help, Shift-Dir - straight line You freeze something.
You hear some strange, mumbled words.
A magic dart appears from out of thin air!
The magic dart hits you!
Casting: Freeze
Confirm with . or Enter, or press ? or * to list all spells.
Aiming: Freeze
Press: ? - help, Shift-Dir - straight line You freeze something.
Something hits you!
* * * LOW HITPOINT WARNING * * *
Something hits you!
Ouch! That really hurt!
You die...

##.......## ##...# #.
#.........####....###.
+.........'...........
#...$$....####....####
#.(..[..# ##.#.# #....$#
###.# #.# #.{.# #.# #.#
#'# #.# #.# #@# #.#
#.########.# #.#
#.#.....##.#### #.#
#.#.###.#.....########.#
#.#.###................#
#.............##########
###.###.##.#### #.#
#.#### #.###.#


There were no monsters in sight!

Vanquished Creatures
  An adder (D:2)
  2 worms (D:2)
  A giant gecko (D:2)
  5 bats
  2 giant cockroaches
  5 goblins
  4 hobgoblins
  3 kobolds (D:1)
  A ball python (D:1)
  A giant newt (D:2)
  4 rats
29 creatures vanquished.

Notes
Turn   | Place    | Note
--------------------------------------------------------------
     0 | D:1      | septik the Merfolk Ice Elementalist began the quest for the Orb.
     0 | D:1      | Reached XP level 1. HP: 13/13 MP: 3/3
   287 | D:1      | Reached XP level 2. HP: 10/19 MP: 0/5
  1053 | D:2      | Reached XP level 3. HP: 3/24 MP: 5/7
  1306 | D:2      | Reached skill level 4 in Ice Magic
  1612 | D:2      | Noticed Sigmund
  1627 | D:2      | Mangled by Sigmund

Action                   || total
-------------------------++-------
Melee: Unarmed           ||     8
       Whip              ||    20
Throw: Stone             ||     1
 Cast: Freeze            ||    48
 Stab: Sleeping          ||     3
  Eat: Chunk             ||     3
